[Event "Early-Titled-Tuesday-Blitz-February-06-2024"]
[Site "Chess.com"]
[Date "2024.02.06"]
[Round "3"]
[White "FaustinoOro"]
[Black "TokChess"]
[Result "0-1"]
[WhiteElo "2766"]
[BlackElo "2591"]
[TimeControl "180+1"]
[EndTime "8:27:26 PST"]
[Termination "TokChess won by resignation"]

1. d4 Nf6 2. Nf3 d5 3. Bf4 e6 4. e3 Bd6 5. Bg3 c5 6. c3 Qc7 7. Bd3 Nbd7 8. O-O O-O 9. Bxd6 Qxd6 10. Nbd2 e5 11. dxe5 Nxe5 12. Nxe5 Qxe5 13. Re1 Bg4 14. Qc2 Rfe8 15. h3 Bh5 16. a4 Bg6 17. Nf3 Qc7 18.
Bxg6 hxg6 19. c4 dxc4 20. Qxc4 Re4 21. Qc2 Qa5 22. Nd2 Rb4 23. Nc4 Qa6 24. b3 b5 25.
axb5 Qxb5 26. Ra5 Rxc4 27. Qa2 Rc2 28. Qa1 Qxb3 29. Rxa7 Rxa7 30. Qxa7 Qc4 31. Qa3 Qc3 32. Qa8+ Kh7 0-1

[Event "Early-Titled-Tuesday-Blitz-February-06-2024"]
[Site "Chess.com"]
[Date "2024.02.06"]
[Round "3"]
[White "carokannlover213"]
[Black "Actuary44"]
[Result "1-0"]
[WhiteElo "2768"]
[BlackElo "2484"]
[TimeControl "180+1"]
[EndTime "8:27:27 PST"]
[Termination "carokannlover213 won by resignation"]

1. e4 b6 2. d4 Bb7 3. Bd3 e6 4.
Qe2 Nf6 5. Nf3 d5 6. e5 Nfd7 7. c3 c5 8. h4 Nc6 9. Bg5 Qc7 10. a3 h6 11. Bf4 O-O-O 12. a4 f6 13. Na3 c4 14. Bg6 a6 15. Nc2 fxe5 16. Nxe5 Ndxe5 17.
dxe5 d4 18. Qxc4 d3 19. Bxd3 Kb8 20. Be4 Be7 21. h5 Rhf8 22. Bg3 Bg5 23. O-O Bf4 24. Bxc6 Bxg3 25. fxg3 Bxc6 26. Nd4 Bd5 27. Qxc7+ Kxc7 28. Rxf8 Rxf8 29. c4 Bxc4 30. Rc1 b5 31. axb5 axb5 32. Nxe6+ 1-0

[Event "Early-Titled-Tuesday-Blitz-February-06-2024"]
[Site "Chess.com"]
[Date "2024.02.06"]
[Round "3"]
[White "Aslanov_Umid"]
[Black "Mistango"]
[Result "1-0"]
[WhiteElo "2674"]
[BlackElo "2455"]
[TimeControl "180+1"]
[EndTime "8:27:27 PST"]
[Termination "Aslanov_Umid won on time"]

1. e4 e5 2. Nf3 Nc6 3. Bc4 Nf6 4.
d3 Be7 5. O-O O-O 6. c3 d6 7. h3 h6 8. Re1 Be6 9. Bb5 a6 10. Ba4 Nh5 11. Nbd2 f5 12. d4 fxe4 13. Nxe4 d5 14. Bxc6 bxc6 15. Nxe5 dxe4 16. Qxh5 Rf5 17. Qg6 Qd6 18. Rxe4 Rf6 19. Qg3 Raf8 20. Be3 Bd5 21. Rg4 g5 22. h4 Rf5 23. hxg5 h5 24. Rh4 Kg7 25. Rxh5 Qe6 26. Rh6 Qc8 27. Qh4 Rh8 28. Rg6+ Kf8 29. Qxh8+ 1-0

[Event "Early-Titled-Tuesday-Blitz-February-06-2024"]
[Site "Chess.com"]
[Date "2024.02.06"]
[Round "3"]
[White "Predator0608"]
[Black "SereneSalmon"]
[Result "1-0"]
[WhiteElo "2544"]
[BlackElo "2283"]
[TimeControl "180+1"]
[EndTime "8:27:27 PST"]
[Termination "Predator0608 won by resignation"]

1. f4 c5 2. Nf3 Nc6 3. g3 g6 4. Bg2 Bg7 5. O-O e6 6. e4 Nge7 7. d3 O-O 8. g4 d5 9. h4 dxe4 10. dxe4 f5 11. gxf5 exf5 12. e5 h6 13. Be3 Qa5 14.
Nbd2 Be6 15. Nb3 Bxb3 16. axb3 Qb5 17. Qd6 Qe2 18. Qxc5 b6 19. Qc3 Nd5 20. Qxc6 Qxe3+ 21. Rf2 Nxf4 22. Qc4+ Kh7 23. Re1 Nxg2 24. Rxe3 Nxe3 25. Qb5 Rad8 26. Re2 Rd1+ 27. Kf2 Ng4+ 28. Kg2 Rf7 29.
h5 Re7 30. e6 Rd6 31. hxg6+ Kxg6 32. Nh4+ Kg5 33. Nxf5 1-0

[Event "Early-Titled-Tuesday-Blitz-February-06-2024"]
[Site "Chess.com"]
[Date "2024.02.06"]
[Round "3"]
[White "OneTrickPony_82"]
[Black "ErikRonka"]
[Result "1-0"]
[WhiteElo "2552"]
[BlackElo "2514"]
[TimeControl "180+1"]
[EndTime "8:27:28 PST"]
[Termination "OneTrickPony_82 won by resignation"]

1. e4 c5 2. Nf3 e6 3. d4 cxd4 4. Nxd4 Nf6 5. Nc3 d6 6. Be3 a6 7. f3 b5 8. a3 Nbd7 9. Qd2 Qc7 10. g4 Ne5 11. g5 Nfd7 12. O-O-O Nc4 13. Bxc4 Qxc4 14.
f4 Bb7 15. f5 e5 16. b3 Qc7 17. Ndxb5 axb5 18. Nxb5 Qc6 19. a4 Nc5 20. Bxc5 dxc5 21. Qc3 f6 22. gxf6 gxf6 23. Rd5 Bh6+ 24. Kb2 O-O 25.
Rg1+ Kh8 26. Qh3 Bg5 27. Rd6 Qxe4 28. Rd7 Qh4 29. Qxh4 Bxh4 30. Rgg7 Rfe8 31. Rxh7+ Kg8 32. Rxb7 Bf2 33. h4 e4 34. h5 Rab8 35. Rbg7+ Kf8 36. h6 1-0

[Event "Early-Titled-Tuesday-Blitz-February-06-2024"]
[Site "Chess.com"]
[Date "2024.02.06"]
[Round "3"]
[White "Brahianzevich"]
[Black "invisible_s0ul"]
[Result "1-0"]
[WhiteElo "2449"]
[BlackElo "2236"]
[TimeControl "180+1"]
[EndTime "8:27:28 PST"]
[Termination "Brahianzevich won by resignation"]

1. e4 c6 2. d4 d5 3. Nc3 dxe4 4. Nxe4 Nf6 5. Nxf6+ exf6 6. c3 Bd6 7. Bd3 O-O 8. Ne2 Qc7 9. Qc2 h6 10. Be3 Re8 11.
O-O-O Nd7 12. Ng3 Bf4 13. Rde1 Nf8 14. Kb1 Be6 15. Nf5 Bd5 16. c4 Be6 17. g3 Bxe3 18.
Rxe3 Bxf5 19. Bxf5 Ne6 20. Rhe1 Qd8 21. Qd3 Kf8 22.
d5 cxd5 23. cxd5 g6 24. Bxg6 fxg6 25. Qxg6 Qxd5 26. Qxf6+ Kg8 27. Rxe6 Qd3+ 28. Ka1 Rxe6 29. Qxe6+ Kg7 30. Qe7+ Kg8 31. Qxb7 Rf8 32. Qxa7 Rxf2 33.
Qxf2 1-0

[Event "Early-Titled-Tuesday-Blitz-February-06-2024"]
[Site "Chess.com"]
[Date "2024.02.06"]
[Round "3"]
[White "Kapitan_Bayan"]
[Black "FMCarmona"]
[Result "1-0"]
[WhiteElo "2391"]
[BlackElo "2150"]
[TimeControl "180+1"]
[EndTime "8:27:28 PST"]
[Termination "Kapitan_Bayan won on time"]

1. e4 e5 2. Nf3 Nc6 3. Bc4 Bc5 4.
O-O Nf6 5. d3 d6 6. c3 a6 7. a4 Ba7 8. h3 h6 9. Nbd2 O-O 10.
Re1 Ne7 11. Nf1 Ng6 12. Ng3 c6 13. b4 b5 14. Bb3 bxa4 15. Rxa4 Bb7 16. Ra2 Qc7 17.
Nf5 d5 18. N3h4 Nxh4 19. Nxh4 dxe4 20. dxe4 c5 21. Qf3 Nxe4 22. Rxe4 cxb4 23. Bxh6 Bxe4 24.
Qxe4 Qb6 25. Be3 Qf6 26. Bd5 1-0

[Event "Early-Titled-Tuesday-Blitz-February-06-2024"]
[Site "Chess.com"]
[Date "2024.02.06"]
[Round "3"]
[White "skkeyan1309"]
[Black "Njal28"]
[Result "0-1"]
[WhiteElo "2717"]
[BlackElo "3074"]
[TimeControl "180+1"]
[EndTime "8:27:29 PST"]
[Termination "Njal28 won by resignation"]

1. Nf3 Nf6 2. b3 d5 3. Bb2 c5 4. e3 a6 5. d4 cxd4 6. exd4 Bg4 7. Be2 Nc6 8. Nbd2 e6 9. O-O Bd6 10. Ne5 Bf5 11. c4 O-O 12. a3 Qb8 13. Ndf3 dxc4 14.
Bxc4 Rd8 15. Qe2 Bxe5 16. Nxe5 Nxe5 17. dxe5 Nd5 18. Rfd1 Nb6 19. h3 Qc7 20. Rac1 Rxd1+ 21. Rxd1 Rc8 22. Rd6 h6 23. Rd4 Nd7 24. Rf4 b5 25. Bd3 Bxd3 26. Qxd3 Nxe5 27. Qd4 f6 28. Qe4 Nd3 29.
Qxe6+ Kh8 30. Rd4 Nxb2 31. Rd7 Qc1+ 32. Kh2 Qf4+ 0-1

[Event "Early-Titled-Tuesday-Blitz-February-06-2024"]
[Site "Chess.com"]
[Date "2024.02.06"]
[Round "3"]
[White "Hikaru"]
[Black "SchmakAttack"]
[Result "1-0"]
[WhiteElo "3310"]
[BlackElo "2769"]
[TimeControl "180+1"]
[EndTime "8:27:31 PST"]
[Termination "Hikaru won on time"]

1. Nf3 Nf6 2. b3 g6 3. Bb2 Bg7 4. d4 O-O 5. e3 c5 6. dxc5 Qa5+ 7. c3 Qxc5 8. Ba3 Qb6 9. Bxe7 Re8 10. Bxf6 Bxf6 11.
Be2 Nc6 12. O-O a5 13. Nd4 d5 14. a4 Kg7 15. Na3 Bd7 16. Nab5 Ne5 17. Qd2 h5 18. h3 Rad8 19. Rad1 Nc6 20. Bf3 Bc8 21. Rfe1 Ne5 22. Be2 Nc6 23. Bf1 Re7 24. b4 Ree8 25. Nb3 Bf5 26. N5d4 Bc8 27. Bb5 axb4 28. cxb4 Bd7 29.
a5 Qc7 30. Bxc6 Bxc6 31. Rc1 Qd6 32. a6 Bd7 33. axb7 Qb6 34. Nc5 Be7 35. Ra1 Bxc5 36. bxc5 Qxc5 37. Ra6 Rb8 38. Qb2 Kg8 39. Rb6 Re7 40. Rc1 Qa5 41. Nc6 1-0

[Event "Early-Titled-Tuesday-Blitz-February-06-2024"]
[Site "Chess.com"]
[Date "2024.02.06"]
[Round "3"]
[White "HalfIsCrayfish"]
[Black "topce"]
[Result "1-0"]
[WhiteElo "2584"]
[BlackElo "2398"]
[TimeControl "180+1"]
[EndTime "8:27:31 PST"]
[Termination "HalfIsCrayfish won on time"]

1. Nc3 d5 2. e4 dxe4 3. Nxe4 Nf6 4. d3 Nxe4 5. dxe4 Qxd1+ 6. Kxd1 Nc6 7. Bb5 Bd7 8. Ne2 O-O-O 9. Bd2 g6 10. c3 Ne5 11.
Bxd7+ Rxd7 12. Kc2 Bg7 13. Rhd1 Rhd8 14. Be3 Rxd1 15. Rxd1 Rxd1 16. Kxd1 Ng4 17. h3 Nxe3+ 18. fxe3 Bh6 19. Kd2 Kd7 20. Kd3 c6 21. Ng1 e5 22.
Nf3 Ke6 23. a4 f6 24. b4 b5 25. a5 a6 26. Nd2 Bf8 27. Nb3 Bd6 28. Ke2 f5 29. Kf3 h5 30. g3 Kf6 31. Nc1 c5 32.
Nd3 1-0

[Event "Early-Titled-Tuesday-Blitz-February-06-2024"]
[Site "Chess.com"]
[Date "2024.02.06"]
[Round "3"]
[White "Levanzovsky"]
[Black "FredddieCroderg"]
[Result "0-1"]
[WhiteElo "2508"]
[BlackElo "2366"]
[TimeControl "180+1"]
[EndTime "8:27:31 PST"]
[Termination "FredddieCroderg won by resignation"]

1. e4 c6 2. Nf3 d5 3. d3 g6 4. e5 c5 5. g3 Nc6 6. Bg2 Bg4 7. h3 Bxf3 8. Qxf3 e6 9. Qe2 Bg7 10.
f4 Nd4 11. Qf2 Ne7 12. c3 Ndc6 13. Qxc5 O-O 14. d4 Nf5 15. Kf2 f6 16. Re1 fxe5 17. dxe5 Rc8 18. Qb5 Nxe5 19. Nd2 d4 20. Rxe5 dxc3 21.
Nf3 Bxe5 22. Qxe5 Qb6+ 23. Ke1 Rc5 24. Qe4 cxb2 25. Bxb2 Qxb2 26. Qxe6+ Kh8 27. Rd1 Qxg2 28. Ng5 Qxg3+ 29. Ke2 Rc2+ 0-1

[Event "Early-Titled-Tuesday-Blitz-February-06-2024"]
[Site "Chess.com"]
[Date "2024.02.06"]
[Round "3"]
[White "KorolDimitriy75"]
[Black "boguszp"]
[Result "1-0"]
[WhiteElo "2368"]
[BlackElo "2056"]
[TimeControl "180+1"]
[EndTime "8:27:31 PST"]
[Termination "KorolDimitriy75 won by resignation"]

1. d4 d5 2. c4 c6 3. Nc3 Nf6 4. e3 e6 5. Nf3 Bd6 6. Bd3 Nbd7 7. O-O O-O 8. e4 dxe4 9. Nxe4 Nxe4 10. Bxe4 f5 11.
Bc2 e5 12. dxe5 Nxe5 13. b3 Qf6 14. Rb1 Be6 15. Qxd6 Nxf3+ 16. gxf3 Rad8 17. Qf4 Rd4 18. Qg5 Qxg5+ 19. Bxg5 h6 20. Be3 Rd7 21. f4 b6 22.
Rbd1 Rfd8 23. Rxd7 Rxd7 24. Rd1 Rxd1+ 25. Bxd1 c5 26.
Bf3 Kf7 27. Kf1 Kf6 28. Ke2 g5 29. Kd3 g4 30. Bg2 h5 31. Bd2 Ke7 32. Bc3 a5 33. Be5 Kd7 34. a4 h4 35. Bd5 h3 36. Bxe6+ Kxe6 37.
Bc7 Kd7 38. Bxb6 Kc6 39. Bxa5 Kb7 40. Bd2 Ka6 41. Be3 Kb6 42. b4 Kc6 43. Bxc5 Kd7 44.
Kd4 Kc6 45. b5+ Kc7 46. a5 Kd7 47. Ke5 g3 48. fxg3 Kc7 49. Kxf5 Kd7 50. Ke5 Kc7 51. f5 Kd7 52. f6 Ke8 53. Ke6 1-0

[Event "Early-Titled-Tuesday-Blitz-February-06-2024"]
[Site "Chess.com"]
[Date "2024.02.06"]
[Round "3"]
[White "ClaudiaSof"]
[Black "noblerone"]
[Result "0-1"]
[WhiteElo "2243"]
[BlackElo "2460"]
[TimeControl "180+1"]
[EndTime "8:27:32 PST"]
[Termination "noblerone won by checkmate"]

1. d4 d5 2. Bf4 Nf6 3. e3 e6 4. Nd2 c5 5. c3 Bd6 6. Bg3 Nc6 7.
Ngf3 O-O 8. Bd3 Re8 9. Ne5 Qc7 10. f4 Ne7 11. Qb1 Nf5 12. Bf2 Bxe5 13. fxe5 Ng4 14.
Nf1 Nxf2 15. Kxf2 f6 16. g4 fxe5 17. gxf5 e4 18. Bxe4 dxe4 19. Qxe4 Bd7 20. Rg1 exf5 21. Qd5+ Be6 22. Qxc5 Qxc5 23. dxc5 Rad8 24. Re1 Rd5 25. b4 Rd3 26. Rc1 Bxa2 27. Ra1 Bd5 28. Rxa7 Rxc3 29. Ra1 Rc2+ 30. Kg3 Rb2 31. Kf4 g6 32. Ng3 Rxb4+ 33. Kg5 Kg7 34. Rad1 h6# 0-1

[Event "Early-Titled-Tuesday-Blitz-February-06-2024"]
[Site "Chess.com"]
[Date "2024.02.06"]
[Round "3"]
[White "Jakuboss22005"]
[Black "Bauman_Guy"]
[Result "0-1"]
[WhiteElo "2501"]
[BlackElo "2849"]
[TimeControl "180+1"]
[EndTime "8:27:33 PST"]
[Termination "Bauman_Guy won on time"]

1. d4 Nf6 2. Nc3 d5 3. Bf4 a6 4. e3 c5 5. dxc5 Nc6 6. Nf3 Bg4 7. Bg3 e6 8. Na4 Ne4 9. c3 Nxc5 10. Nxc5 Bxc5 11.
Be2 O-O 12. O-O b5 13. Nd4 Bxe2 14. Qxe2 Qd7 15. Nb3 Bd6 16. e4 Bxg3 17. hxg3 dxe4 18. Qxe4 Rfd8 19. a4 Rab8 20. Nc5 Qc8 21. axb5 Rxb5 22. b4 a5 23. Qc4 Rb8 24. Na6 Rb6 25. b5 Ne5 26.
Qxc8 Rxc8 27. Rxa5 Rxc3 28. Rd1 h5 29. Nb4 Rb3 30.
Nc6 R6xb5 31. Rxb5 Rxb5 32. Nxe5 Rxe5 33. f3 Kh7 34.
Rd7 Kg6 35. Kh2 Rd5 36. Rc7 f6 37. Rb7 Rd2 38. Ra7 e5 39. Re7 Kh6 40. Rf7 Rd8 41.
Re7 Kg6 42. Kh3 Rf8 43. Kh2 Rf7 44. Re6 Kf5 45. Ra6 Rc7 46. Ra4 g5 47. Rb4 g4 48.
Ra4 Rc3 0-1

[Event "Early-Titled-Tuesday-Blitz-February-06-2024"]
[Site "Chess.com"]
[Date "2024.02.06"]
[Round "3"]
[White "iwanyu"]
[Black "guillembaches"]
[Result "1-0"]
[WhiteElo "2777"]
[BlackElo "2561"]
[TimeControl "180+1"]
[EndTime "8:27:34 PST"]
[Termination "iwanyu won on time"]

1. d4 d5 2. c4 e6 3. Nf3 a6 4. Bg5 Be7 5. Bxe7 Qxe7 6. Nbd2 Nf6 7. g3 dxc4 8. Nxc4 Qb4+ 9. Nfd2 b5 10. a3 Qe7 11. Na5 O-O 12. Bg2 Nd5 13. O-O c5 14. dxc5 Qxc5 15. Rc1 Qb6 16. Ndb3 Bd7 17. Qd4 Qxd4 18.
Nxd4 Ra7 19. Bxd5 exd5 20. Rc5 Be6 21. Rfc1 Rd7 22. Nac6 Rd6 23. Nxb8 Rxb8 24. b4 Bd7 25. Rc7 Kf8 26. Ra7 Rc8 27. Rc5 Ke8 28. f3 h5 29. h4 g6 30. Kf2 Kd8 31. Ke3 Be8 32. Rxc8+ Kxc8 33. Ra8+ Kd7 34. Nb3 Ke7 35. Nc5 f6 36.
Nxa6 g5 37. Kd4 Re6 38. Nc7 gxh4 39. gxh4 1-0

[Event "Early-Titled-Tuesday-Blitz-February-06-2024"]
[Site "Chess.com"]
[Date "2024.02.06"]
[Round "3"]
[White "valeriocarnicelli"]
[Black "Viktor_Poddubnyi"]
[Result "1-0"]
[WhiteElo "2539"]
[BlackElo "2265"]
[TimeControl "180+1"]
[EndTime "8:27:34 PST"]
[Termination "valeriocarnicelli won by checkmate"]

1. e4 g6 2. d4 Bg7 3. Nc3 d6 4. Nf3 Nf6 5. h3 c6 6. Be3 O-O 7. Bd3 b5 8. O-O b4 9. Ne2 a5 10. c3 Ba6 11. a3 bxc3 12. bxc3 Bxd3 13. Qxd3 d5 14. e5 Ne4 15. Ng3 Nxg3 16. fxg3 e6 17.
Qd2 Nd7 18. Bh6 c5 19. Nh2 f5 20. g4 cxd4 21. cxd4 Nb6 22. gxf5 exf5 23. Bxg7 Kxg7 24. Rab1 Nc4 25. Rb7+ Rf7 26. Rxf7+ Kxf7 27. Qh6 Kg8 28. Nf3 Rb8 29. Ng5 Qe7 30. g4 Ne3 31. gxf5 Nxf5 32. Rxf5 gxf5 33. h4 Rf8 34. Qc6 Rd8 35. a4 Qa3 36.
Qe6+ Kg7 37. Qf6+ Kg8 38. Qf7+ Kh8 39. Qxh7# 1-0

[Event "Early-Titled-Tuesday-Blitz-February-06-2024"]
[Site "Chess.com"]
[Date "2024.02.06"]
[Round "3"]
[White "secretsuperstar7"]
[Black "allvim"]
[Result "1-0"]
[WhiteElo "2519"]
[BlackElo "2347"]
[TimeControl "180+1"]
[EndTime "8:27:36 PST"]
[Termination "secretsuperstar7 won by resignation"]

1. c4 e5 2. Nc3 Nf6 3. Nf3 Nc6 4. g3 d5 5. cxd5 Nxd5 6. Bg2 Nb6 7. O-O Be7 8. d3 O-O 9. b3 Be6 10. Bb2 f5 11. Nd2 Nd5 12. Nc4 Bf6 13. Rc1 Kh8 14. a3 Nxc3 15. Bxc3 Bd5 16. e4 fxe4 17. dxe4 Bxc4 18.
bxc4 Nd4 19. Bxd4 exd4 20. e5 Bxe5 21. Bxb7 Rb8 22. Be4 Qf6 23. Qh5 g6 24. Bxg6 Qxg6 25. Qxe5+ Qg7 26. Qc5 Rb2 27. Rcd1 Qf6 28. Qxd4 Qxd4 29. Rxd4 Ra2 30. Rd7 Rxa3 31. Rxc7 Rc3 32.
Rxa7 Rxc4 33. Re1 Rc2 34. Ree7 Rd8 35. Rxh7+ Kg8 36. Rhg7+ Kf8 37. Raf7+ Ke8 38. Rg8+ Kxf7 39. Rxd8 1-0

[Event "Early-Titled-Tuesday-Blitz-February-06-2024"]
[Site "Chess.com"]
[Date "2024.02.06"]
[Round "3"]
[White "Salem-AR"]
[Black "Adar_07"]
[Result "0-1"]
[WhiteElo "2937"]
[BlackElo "2729"]
[TimeControl "180+1"]
[EndTime "8:27:37 PST"]
[Termination "Adar_07 won by resignation"]

1. Nf3 Nf6 2. g3 d5 3. Bg2 c6 4. O-O Bf5 5. d3 h6 6. Nc3 e6 7. Nd2 Bh7 8. e4 Nbd7 9. f4 Bc5+ 10. Kh1 h5 11. Qe2 h4 12. g4 h3 13. Bf3 dxe4 14. dxe4 Qc7 15. Nb3 Bb4 16. g5 Ng8 17. a3 Bxc3 18.
bxc3 Ne7 19. c4 O-O-O 20. Be3 c5 21. Rab1 Nc6 22. Qf2 b6 23. Rbd1 f6 24. Rg1 fxg5 25. Rxg5 Nf6 26. Rxd8+ Rxd8 27. Nd2 Nd4 28. Kg1 Nxc2 29.
e5 Nxe3 30. Qxe3 Rd3 31. Qe2 Qd7 32. exf6 gxf6 33. Rh5 Rxd2 34. Qe3 Rd3 35. Qf2 Rd1+ 0-1

[Event "Early-Titled-Tuesday-Blitz-February-06-2024"]
[Site "Chess.com"]
[Date "2024.02.06"]
[Round "3"]
[White "Talent-OF-Slovenia"]
[Black "jens1102"]
[Result "1-0"]
[WhiteElo "2450"]
[BlackElo "2625"]
[TimeControl "180+1"]
[EndTime "8:27:37 PST"]
[Termination "Talent-OF-Slovenia won by checkmate"]

1. e4 c5 2. Nf3 Nc6 3. Bb5 g6 4.
Bxc6 bxc6 5. O-O Bg7 6. Re1 Nh6 7. c3 O-O 8. d4 cxd4 9. cxd4 f6 10. Nc3 Nf7 11. e5 d6 12. exf6 Bxf6 13. h3 e5 14.
Ne4 exd4 15. Nxf6+ Qxf6 16. Qxd4 Ne5 17. Nxe5 dxe5 18.
Rxe5 Bf5 19. Be3 Rad8 20. Qc5 Rf7 21. Re1 Rfd7 22. Bh6 Kf7 23. f4 Rd1 24. Qxa7+ R8d7 25. Qe3 Rxe1+ 26. Qxe1 Qd6 27. Kh2 Re7 28. Rxe7+ Qxe7 29. Qxe7+ Kxe7 30. Bg7 Bb1 31. a3 Bc2 32. g4 Ke6 33.
Kg3 Kd5 34. Kh4 Ke4 35. Kg5 Kf3 36. f5 gxf5 37. gxf5 Ke4 38. f6 Bb3 39. Kh6 Bg8 40.
Bf8 Kf5 41. Kg7 Be6 42. f7 h5 43. Bc5 Bxf7 44. Kxf7 Ke5 45. b4 Kd5 46. a4 Kc4 47.
a5 Kb5 48. Kf6 Ka6 49. Kg5 Kb5 50. Kh4 Ka6 51. Kxh5 Kb5 52. Kg5 Ka6 53. h4 Kb5 54. h5 Ka6 55. h6 Kb5 56. h7 Ka6 57. h8=Q Kb5 58. Qb8+ Ka6 59. Qb6# 1-0

[Event "Early-Titled-Tuesday-Blitz-February-06-2024"]
[Site "Chess.com"]
[Date "2024.02.06"]
[Round "3"]
[White "AA95"]
[Black "jcibarra"]
[Result "0-1"]
[WhiteElo "2502"]
[BlackElo "2871"]
[TimeControl "180+1"]
[EndTime "8:27:38 PST"]
[Termination "jcibarra won on time"]

1. Nf3 d6 2. g3 Nf6 3. Bg2 g6 4. d4 Bg7 5. O-O O-O 6. c4 Bf5 7. Nc3 Ne4 8. Qb3 Nxc3 9. bxc3 Be4 10. d5 b6 11. Nd4 Bxg2 12. Kxg2 c6 13. a4 Qc7 14. a5 bxa5 15. Bf4 cxd5 16. cxd5 Nd7 17. Nc6 Nc5 18. Qc4 e5 19. Be3 Nb7 20. Rfb1 Rfc8 21.
Qa6 Nd8 22. Nxd8 Qxd8 23. Rxa5 Rxc3 24. Rb7 Rc2 25. Qb5 Bf8 26. Rd7 Qe8 27. Qb7 Rxe2 28. Rxf7 Qxf7 29. Qxa8 e4 30. Rxa7 Qf3+ 31. Kh3 Rxe3 32.
fxe3 Qf1+ 33. Kh4 Qe2 34. Kh3 Qf1+ 35. Kh4 Qf5 36. g4 g5+ 0-1

[Event "Early-Titled-Tuesday-Blitz-February-06-2024"]
[Site "Chess.com"]
[Date "2024.02.06"]
[Round "3"]
[White "Anton_Demchenko"]
[Black "Ginger_GM"]
[Result "1-0"]
[WhiteElo "2891"]
[BlackElo "2681"]
[TimeControl "180+1"]
[EndTime "8:27:39 PST"]
[Termination "Anton_Demchenko won on time"]

1. e4 c5 2. Nc3 Nc6 3. Bb5 Nd4 4. a4 g6 5. Nge2 Bg7 6. d3 a6 7. Bc4 e6 8. h4 h6 9. h5 g5 10. f4 gxf4 11. Bxf4 d6 12. Nxd4 cxd4 13. Ne2 Ne7 14. Qd2 d5 15. Bb3 dxe4 16. dxe4 Nc6 17. O-O-O b5 18.
e5 Nxe5 19. Nxd4 Nc4 20. Bxc4 bxc4 21. Qe3 Qb6 22. c3 Bd7 23. Be5 f6 24. Qg3 O-O 25. Bf4 Kh8 26. Nf5 Rf7 27. Qg6 Be8 28. Nxg7 Rxg7 29. Qxf6 1-0

[Event "Early-Titled-Tuesday-Blitz-February-06-2024"]
[Site "Chess.com"]
[Date "2024.02.06"]
[Round "3"]
[White "Arimin1329"]
[Black "blitzking1729"]
[Result "0-1"]
[WhiteElo "2421"]
[BlackElo "2734"]
[TimeControl "180+1"]
[EndTime "8:27:39 PST"]
[Termination "blitzking1729 won by resignation"]

1. Nf3 d5 2. g3 Nd7 3. Bg2 e5 4. d3 Ngf6 5. O-O Bc5 6. Nbd2 O-O 7. e4 c6 8. c3 Re8 9. Qc2 Bf8 10. Re1 a5 11. Nf1 Qc7 12. Bg5 h6 13. Bxf6 Nxf6 14.
Ne3 dxe4 15. dxe4 Be6 16. a4 Bc5 17. Nd2 Qb6 18. Ndc4 Qc7 19. Nd2 Rad8 20. Rad1 Bf8 21.
Ndc4 Nd7 22. Kh1 Nc5 23. f3 b5 24. axb5 cxb5 25. Rxd8 Rxd8 26. Nd2 Nd3 27. Ra1 Qb6 28. Nd1 Ne1 29. Qc1 b4 30. Nf1 b3 31. Nde3 Nd3 32.
h4 Bc5 33. Kh2 Nxc1 0-1

[Event "Early-Titled-Tuesday-Blitz-February-06-2024"]
[Site "Chess.com"]
[Date "2024.02.06"]
[Round "3"]
[White "Orest_Vovk"]
[Black "N_I_Chess"]
[Result "1-0"]
[WhiteElo "2558"]
[BlackElo "2334"]
[TimeControl "180+1"]
[EndTime "8:27:39 PST"]
[Termination "Orest_Vovk won by resignation"]

1. e4 Nf6 2. Nc3 d5 3. exd5 Nxd5 4. Nxd5 Qxd5 5. Qf3 Qxf3 6. Nxf3 Bf5 7. c3 Nd7 8. d4 e6 9. Bf4 Bd6 10. Bxd6 cxd6 11. O-O-O Rc8 12. Bd3 Bxd3 13. Rxd3 Nf6 14. Re1 Kd7 15. Nd2 b5 16. Rf3 Rhf8 17. Kb1 Rc7 18.
h3 a6 19. g4 h6 20. Rg1 Nd5 21. g5 hxg5 22. Rxg5 g6 23. Rxg6 fxg6 24. Rxf8 Kc6 25. Ne4 Rh7 26. Rd8 Rxh3 27. Rxd6+ Kc7 28. Rxe6 Rh1+ 29. Kc2 Re1 30. Nc5 Rf1 31. Nxa6+ Kb7 32. Nc5+ Kc7 33. Rxg6 Rxf2+ 34. Kb3 Ne3 35. Rg3 Nc4 36.
Nd3 Rd2 37. a4 Nd6 38. axb5 Nxb5 39. Ne5 Nd6 40. Rg7+ Kb8 41. c4 Rxd4 42. Nc6+ 1-0

[Event "Early-Titled-Tuesday-Blitz-February-06-2024"]
[Site "Chess.com"]
[Date "2024.02.06"]
[Round "3"]
[White "Bekkedahl"]
[Black "tusplingher"]
[Result "0-1"]
[WhiteElo "2243"]
[BlackElo "2463"]
[TimeControl "180+1"]
[EndTime "8:27:39 PST"]
[Termination "tusplingher won by resignation"]

1. e4 c5 2. Nf3 d6 3. Bb5+ Bd7 4. Bxd7+ Qxd7 5. O-O Nc6 6. c3 Nf6 7. Re1 g6 8. d4 cxd4 9. cxd4 Bg7 10. Nc3 O-O 11. Bg5 Rad8 12. Qd2 d5 13. e5 Ne8 14. e6 fxe6 15. Bh6 Rxf3 16. gxf3 Nxd4 17. Kg2 Bxh6 18. Qxh6 Nc2 19. Rac1 Nxe1+ 20. Rxe1 Nf6 21. h4 Rf8 22. Qe3 Nh5 23. Ne2 Rf6 24. Rc1 Qd6 25. Rc8+ Rf8 26. Rxf8+ Kxf8 27. Nd4 e5 28. Nb5 Qf6 29. Nc7 Qxh4 30.
Qh6+ Kg8 31. Ne6 Nf4+ 32. Nxf4 Qxh6 0-1

[Event "Early-Titled-Tuesday-Blitz-February-06-2024"]
[Site "Chess.com"]
[Date "2024.02.06"]
[Round "3"]
[White "NewYearGirl"]
[Black "ljm509"]
[Result "1-0"]
[WhiteElo "2338"]
[BlackElo "1966"]
[TimeControl "180+1"]
[EndTime "8:27:40 PST"]
[Termination "NewYearGirl won on time"]

1. e4 e6 2. d4 d5 3. Nc3 dxe4 4. Nxe4 Nd7 5. Nf3 Ngf6 6. Bg5 Be7 7. Bxf6 Nxf6 8.
Bd3 O-O 9. Qe2 c5 10. O-O-O cxd4 11. Nfg5 Nxe4 12. Nxe4 Qa5 13. Kb1 e5 14. h4 Be6 15.
b3 h6 16. Ng5 Bb4 17. Nxe6 fxe6 18. Qe4 Bc3 19. Qh7+ Kf7 20. Bg6+ Ke7 21. Qxg7+ Kd6 22. Rh3 Rxf2 23. Qxb7 Raf8 24. a4 Rf1 25. Rd3 Rxd1+ 26. Rxd1 Qc5 27. Qa6+ Kc7 28. Be4 Rb8 29. Ka2 Qb6 30. Qc4+ Kd6 31. Qxc3 Rf8 32. Qg3 Qc5 33. Bd3 Rf4 34. Re1 1-0

[Event "Early-Titled-Tuesday-Blitz-February-06-2024"]
[Site "Chess.com"]
[Date "2024.02.06"]
[Round "3"]
[White "Zhigalko_Sergei"]
[Black "temiksmozg"]
[Result "1-0"]
[WhiteElo "2940"]
[BlackElo "2615"]
[TimeControl "180+1"]
[EndTime "8:27:41 PST"]
[Termination "Zhigalko_Sergei won on time"]

1. e4 c5 2. Nf3 e6 3. c3 d5 4. e5 d4 5. Bd3 Nc6 6. O-O Nge7 7. Re1 Ng6 8. g3 Qc7 9. Qe2 Bd7 10. h4 Nge7 11. Na3 a6 12. Nc4 Nd5 13. a4 Nb6 14. Nxb6 Qxb6 15. Ng5 Be7 16. Qg4 Bxg5 17. Qxg5 h6 18. Qxg7 O-O-O 19. Qf6 Rdg8 20. Be4 Qc7 21. d3 Kb8 22. Bf4 Be8 23. Rac1 dxc3 24. Rxc3 Qb6 25. Be3 Nd4 26. Rxc5 Qxc5 27. Qd8+ Qc8 28. Qxd4 Qc7 29. Qa7+ Kc8 30. Qa8+ Kd7 31. Rc1 Qxc1+ 32. Bxc1 Ke7 33. Qxb7+ Kf8 34. Qxa6 1-0

[Event "Early-Titled-Tuesday-Blitz-February-06-2024"]
[Site "Chess.com"]
[Date "2024.02.06"]
[Round "3"]
[White "kleopl"]
[Black "Rud_Makarian"]
[Result "0-1"]
[WhiteElo "2517"]
[BlackElo "3026"]
[TimeControl "180+1"]
[EndTime "8:27:41 PST"]
[Termination "Rud_Makarian won on time"]

1. e4 c5 2. Nf3 d6 3. Bb5+ Nd7 4. O-O a6 5. Bd3 Ngf6 6. c3 b5 7. Re1 Bb7 8. Bc2 Rc8 9. a3 Qc7 10. d3 g6 11. Bg5 Bg7 12. Nbd2 O-O 13. Rc1 Rfe8 14.
d4 e5 15. d5 Kh8 16. Nf1 c4 17. Be3 Ng4 18. h3 Nxe3 19. Nxe3 Nc5 20. Qe2 Rb8 21.
Rcd1 Bc8 22. g4 Qd8 23. Kg2 Bh6 24. Rh1 Bf4 25. Kf1 a5 26. Ng2 Bh6 27. Nfe1 b4 28. axb4 axb4 29. h4 bxc3 30. bxc3 Rb2 31. Rb1 Qb6 32. Rxb2 Qxb2 33. g5 Bg7 34. Ne3 Qxc3 35.
Kg2 Ba6 36. h5 Nd3 37. Bxd3 cxd3 38. Qf3 d2 0-1